[Event "Team 45 45 League T56"]
[Site "Internet Chess Club"]
[Date "2013.03.09"]
[Round "3"]
[White "DreadHead"]
[Black "chess9793"]
[Result "1-0"]
[WhiteElo "2262"]
[BlackElo "2103"]
[Opening "English: symmetrical, main line with d4"]
[ECO "A39"]
[Time "13:17:11"]
[TimeControl "2700+45"]

1. c4 c5 2. Nc3 Nc6 3. g3 g6 4. Bg2 Bg7 5. Nf3 Nf6 6. O-O O-O 7. d4 cxd4 8. Nxd4
Nxd4 9. Qxd4 d6 10. e4 Nd7 11. Qd2 a5 12. Rb1 Nc5 13. Qc2 f5 14. Be3 Nxe4 15.
Nxe4 fxe4 16. Bxe4 Qc7 17. c5 Be6 18. b3 d5 19. Bg2 d4 20. Bf4 Rxf4 21. gxf4
Qxf4 22. Rfe1 Be5 23. Rxe5 Qxe5 24. Bxb7 Qg5+ 25. Kh1 Bd5+ 26. Bxd5+ Qxd5+ 27.
Kg1 Rc8 28. Rc1 d3 29. Qc4 Qxc4 30. Rxc4 Rd8 31. Rc1 e5 32. f3 Kf7 33. Kf2 Ke6
34. Ke3 d2 35. Rd1 Rc8 36. Kxd2 Rxc5 37. Rc1 Rxc1 38. Kxc1 e4 39. fxe4 Ke5 40.
Kc2 Kxe4 41. b4 axb4 42. Kb3 Kd5 43. Kxb4 Kc6 44. Kc4 Kb6 45. Kd5 Ka5 46. Ke5
Ka4 47. Kf6 Ka3 48. h4 Kxa2 49. Kg7 Kb3 50. Kxh7 Kc4 51. Kxg6 Kd5 52. h5 Ke6 53.
h6 Ke7 54. h7 Kf8 55. h8=R+ Ke7 56. Rg8 {Black resigns} 1-0

[Event "Team 45 45 League T56"]
[Site "Internet Chess Club"]
[Date "2013.03.09"]
[Round "3"]
[White "Rodin7"]
[Black "Shijith"]
[Result "1/2-1/2"]
[WhiteElo "2066"]
[BlackElo "2058"]
[Opening "French: exchange variation"]
[ECO "C01"]
[Time "10:05:08"]
[TimeControl "2700+45"]

1. e4 e6 2. d4 d5 3. exd5 exd5 4. Bd3 Bd6 5. Qf3 Nf6 6. Bg5 Nc6 7. Ne2 Bg4 8.
Qxg4 Nxg4 9. Bxd8 Kxd8 10. h3 Nf6 11. a3 Re8 12. O-O a6 13. Nbc3 Kd7 14. g4 h6
15. f4 Ne7 16. Ng3 Rad8 17. Nf5 Nxf5 18. Bxf5+ Kc6 19. Kg2 Re3 20. Rf3 Rde8 21.
Raf1 b5 22. Bd3 Rxf3 23. Kxf3 g6 24. Rd1 {Game drawn by mutual agreement}
1/2-1/2

[Event "Team 45 45 League T56"]
[Site "Internet Chess Club"]
[Date "2013.03.07"]
[Round "3"]
[White "PandorasBox"]
[Black "CuatroPrincesas"]
[Result "0-1"]
[WhiteElo "1898"]
[BlackElo "2149"]
[Opening "English, 1...Nf6 (Anglo-Indian defense)"]
[ECO "A15"]
[Time "15:30:26"]
[TimeControl "2700+45"]

1. c4 Nf6 2. g3 g6 3. Bg2 Bg7 4. Nc3 O-O 5. d3 d6 6. e4 c5 7. Nge2 Nc6 8. O-O
Rb8 9. Rb1 a6 10. f4 Bg4 11. h3 Bxe2 12. Nxe2 Ne8 13. Be3 b5 14. b3 Nc7 15. Kh2
Ne6 16. Qd2 Ned4 17. Nxd4 Nxd4 18. f5 bxc4 19. dxc4 a5 20. f6 Bxf6 21. Rxf6 exf6
22. Bxd4 cxd4 23. Qxd4 Qe7 24. Rf1 Kg7 25. h4 Rb4 26. Rd1 Rd8 27. Rd2 h5 28. Qf2
a4 29. Rd3 axb3 30. axb3 Rdb8 31. Qc2 Qc7 32. Qd1 R8b6 33. Rf3 Qe7 34. Rd3 Qe5
35. Rd5 Qc3 36. Rd3 Qb2 37. Rxd6 Rxd6 38. Qxd6 Rxb3 39. c5 Qe5 40. Bh3 Rc3 41.
Bd7 Rxc5 42. Qxe5 Rxe5 43. Bc6 Kf8 44. Kg2 Ke7 45. Kf3 Rc5 46. Ba4 Ra5 47. Bc6
g5 48. Bd5 Ra3+ 49. Kf2 gxh4 {White resigns} 0-1

[Event "Team 45 45 League T56"]
[Site "Internet Chess Club"]
[Date "2013.03.11"]
[Round "3"]
[White "Stryker672"]
[Black "jonesey"]
[Result "1/2-1/2"]
[WhiteElo "1949"]
[BlackElo "1887"]
[Opening "Sicilian: Alapin's variation (2.c3)"]
[ECO "B22"]
[Time "04:16:55"]
[TimeControl "2700+45"]

1. e4 c5 2. c3 Nf6 3. e5 Nd5 4. d4 cxd4 5. Nf3 d6 6. cxd4 Nc6 7. Bc4 Nb6 8. Bb5
dxe5 9. Nxe5 Bd7 10. Nxd7 Qxd7 11. Nc3 Rd8 12. O-O a6 13. Bxc6 Qxc6 14. Qb3 e6
15. Be3 Be7 16. Rac1 O-O 17. Rfd1 Nd5 18. Nxd5 Qxd5 19. Qxd5 Rxd5 20. Rc7 Bf6
21. Rxb7 e5 22. g3 Rfd8 23. Kg2 exd4 24. Bd2 d3 25. Bc3 Bxc3 26. bxc3 d2 27. c4
Rd4 28. c5 Kf8 29. c6 Rc8 30. Rd7 Rxd7 31. cxd7 Rd8 32. Rxd2 Ke7 {Game drawn by
mutual agreement} 1/2-1/2

[Event "Team 45 45 League T56"]
[Site "Internet Chess Club"]
[Date "2013.03.09"]
[Round "3"]
[White "zeigmata"]
[Black "chiiwen"]
[Result "1/2-1/2"]
[WhiteElo "2177"]
[BlackElo "2138"]
[Opening "QGD Slav: 4.Nc3"]
[ECO "D15"]
[Time "15:16:35"]
[TimeControl "2700+45"]

1. d4 d5 2. c4 c6 3. Nf3 Nf6 4. Nc3 a6 5. cxd5 cxd5 6. Bf4 Nc6 7. e3 e6 8. Bd3
Bd6 9. Bxd6 Qxd6 10. O-O O-O 11. Rc1 Bd7 12. a3 b5 13. b4 Rac8 14. Qd2 Rfd8 15.
Qb2 Be8 16. Rfd1 Rb8 17. e4 dxe4 18. Nxe4 Nxe4 19. Bxe4 Ne7 20. Rc5 f6 21. Rdc1
Bg6 22. Qe2 Rb6 23. Bxg6 hxg6 24. Qe4 g5 25. g3 Rd7 26. R1c2 Rd8 27. Rc1 Nd5 28.
h4 gxh4 29. Qxh4 Ne7 30. Rh5 Ng6 31. Qe4 Kf7 32. Rcc5 Qe7 33. Rh7 Nf8 34. Rh4
Ng6 35. Rh7 Nf8 36. Rh8 Ng6 37. Ng5+ fxg5 38. Qf3+ Nf4 39. Rxd8 Qxd8 40. gxf4
gxf4 41. Qxf4+ Kg8 42. Rc7 Qf8 43. Qe5 Qf6 44. Rc8+ Kh7 45. Qc7 Qg6+ 46. Kf1
Qd3+ 47. Kg2 Qe4+ 48. f3 Qe2+ 49. Kg3 Qe1+ 50. Kg2 {Game drawn by mutual
agreement} 1/2-1/2

[Event "Team 45 45 League T56"]
[Site "Internet Chess Club"]
[Date "2013.03.08"]
[Round "3"]
[White "f5"]
[Black "Campagnolo"]
[Result "1/2-1/2"]
[WhiteElo "2098"]
[BlackElo "2079"]
[Opening "Caro-Kann: Steinitz variation"]
[ECO "B17"]
[Time "21:12:46"]
[TimeControl "2700+45"]

1. e4 c6 2. d4 d5 3. Nc3 dxe4 4. Nxe4 Nd7 5. Bc4 Ngf6 6. Ng5 e6 7. Qe2 Nb6 8.
Bb3 h6 9. N5f3 a5 10. c3 c5 11. a3 Qc7 12. Nh3 Bd6 13. dxc5 Qxc5 14. Be3 Qc7 15.
Bd4 Nbd7 16. O-O O-O 17. Rfe1 Re8 18. Ne5 Nxe5 19. Bxe5 Bxe5 20. Qxe5 Qxe5 21.
Rxe5 Bd7 22. Rd1 Bc6 23. f3 Kf8 24. Nf4 Nd7 25. Re2 Nc5 26. Bc2 Red8 27. Red2
Ke7 28. Kf2 Rxd2+ 29. Rxd2 Rd8 30. Rxd8 Kxd8 31. Nh5 g6 32. Nf6 Na4 33. Bxa4
Bxa4 34. Ng4 h5 35. Ne5 Be8 36. Nc4 a4 37. h4 Kc7 38. f4 Kc6 39. Ke3 b5 40. Nd2
Kd5 41. g3 Bc6 42. Nf3 f6 43. Kd3 Kc5 44. Nd4 Bd5 45. Nc2 Bc4+ 46. Ke4 Bd5+ 47.
Kd3 Bc4+ 48. Ke4 Bd5+ 49. Kd3 Bc4+ {Game drawn by repetition} 1/2-1/2

[Event "Team 45 45 League T56"]
[Site "Internet Chess Club"]
[Date "2013.03.10"]
[Round "3"]
[White "jorobo"]
[Black "barbak"]
[Result "1/2-1/2"]
[WhiteElo "1998"]
[BlackElo "1999"]
[Opening "QGD: Tarrasch, Prague variation, Normal position"]
[ECO "D34"]
[Time "08:16:38"]
[TimeControl "2700+45"]

1. d4 d5 2. c4 e6 3. Nc3 c5 4. cxd5 exd5 5. Nf3 Nc6 6. g3 Nf6 7. Bg2 Be7 8. O-O
O-O 9. dxc5 Bxc5 10. a3 Re8 11. b4 Bb6 12. Bg5 d4 13. Na4 Bg4 14. Nxb6 Qxb6 15.
Bxf6 gxf6 16. Ra2 Rad8 17. Rd2 Ne5 18. Qb3 Be6 19. Qa4 Bg4 20. Qb3 Be6 21. Qa4
Bg4 22. Qb3 {Game drawn by repetition} 1/2-1/2

[Event "Team 45 45 League T56"]
[Site "Internet Chess Club"]
[Date "2013.03.10"]
[Round "3"]
[White "Goldenberg"]
[Black "mugurelt"]
[Result "1-0"]
[WhiteElo "1661"]
[BlackElo "1740"]
[Opening "Robatsch (modern) defense"]
[ECO "B06"]
[Time "22:02:19"]
[TimeControl "2700+45"]

1. e4 g6 2. d4 Bg7 3. Nf3 d6 4. Bc4 Nf6 5. Nc3 O-O 6. O-O Nc6 7. Re1 Bg4 8. h3
Bxf3 9. gxf3 Nh5 10. d5 Ne5 11. Be2 Nd7 12. f4 Bxc3 13. bxc3 Ng7 14. Rb1 b6 15.
Be3 Nc5 16. Bxc5 bxc5 17. Bc4 Rb8 18. Rxb8 Qxb8 19. Qd3 f5 20. e5 Nh5 21. Qe3
Kh8 22. Kh1 Qb2 23. Bb3 a5 24. a4 c4 25. Bxc4 Qxc2 26. Qd4 Kg8 27. Bb5 Qb2 28.
Bd7 Qb6 29. Rd1 Qxd4 30. Rxd4 Rb8 31. Bb5 Kf7 32. Rc4 Rb7 33. Kg2 e6 34. Bc6 Rb8
35. Kf3 Ke7 36. Bb5 Rb7 37. Rd4 Ng7 38. c4 Rb8 39. Ke3 Rb7 40. Rd2 Rb8 41. Rd1
Rb7 42. Rb1 Rb8 43. f3 Rb7 44. Rg1 Rb8 45. Re1 Rb7 46. Kd4 Rb6 47. Rc1 Rb8 48.
c5 dxe5+ 49. Kxe5 exd5 50. Kxd5 Ne6 51. Kc6 Rd8 52. Bc4 Rd4 53. Bxe6 Kxe6 54.
Kxc7 Rxa4 55. c6 Rb4 56. Re1+ Kf7 57. Kd6 Rd4+ 58. Kc5 Rd2 59. c7 Rc2+ 60. Kd6
Rd2+ 61. Kc6 Rc2+ 62. Kd7 Rd2+ 63. Kc8 a4 64. Rc1 a3 65. Kb7 Rb2+ 66. Ka7 a2 67.
c8=Q Rb1 68. Qc4+ Kg7 69. Qxa2 {Black resigns} 1-0

[Event "Team 45 45 League T56"]
[Site "Internet Chess Club"]
[Date "2013.03.09"]
[Round "3"]
[White "justice02"]
[Black "Kibamar101"]
[Result "1-0"]
[WhiteElo "1726"]
[BlackElo "1475"]
[Opening "English opening"]
[ECO "A05"]
[Time "16:00:09"]
[TimeControl "2700+45"]

1. Nf3 Nf6 2. c4 b6 3. d3 Bb7 4. Nbd2 c5 5. g3 Nc6 6. Bg2 e6 7. O-O Qc7 8. b3
Be7 9. Bb2 O-O 10. Ng5 Rad8 11. e3 h6 12. Nge4 Nxe4 13. Nxe4 d5 14. cxd5 exd5
15. Nc3 d4 16. Nd5 Qd7 17. Nxe7+ Qxe7 18. Re1 Qc7 19. a3 a5 20. Rc1 Rd6 21. b4
axb4 22. axb4 Nxb4 23. e4 Ba6 24. Bf1 Ra8 25. Qb3 Nc6 26. f4 Rg6 27. e5 Rd8 28.
Bg2 Ne7 29. Ra1 Bc8 30. Rec1 Be6 31. Qa4 Bd5 32. Bxd5 Rxd5 33. Qe8+ Kh7 34. Ra8
Rc6 35. Qxf7 Rd8 36. Rca1 Rxa8 37. Rxa8 Nc8 38. Qf5+ g6 39. Qe4 Qb7 40. Ra1 Rc7
41. Qe2 Ne7 42. Qc2 Nf5 43. Qe2 Rc8 44. Qg2 Qxg2+ 45. Kxg2 g5 46. Kf3 gxf4 47.
gxf4 Kg6 48. Ke4 Ne7 49. f5+ Kf7 50. Ra7 Ke8 51. Bc1 Rb8 52. Bxh6 b5 53. f6 Nc6
54. Rc7 Nd8 55. Re7# {Black checkmated} 1-0

[Event "Team 45 45 League T56"]
[Site "Internet Chess Club"]
[Date "2013.03.06"]
[Round "3"]
[White "vjbaker"]
[Black "RD1974"]
[Result "0-1"]
[WhiteElo "1464"]
[BlackElo "1665"]
[Opening "Sicilian defense"]
[ECO "B40"]
[Time "19:04:21"]
[TimeControl "2700+45"]

1. e4 c5 2. Nf3 e6 3. c4 Nc6 4. Nc3 d6 5. d4 cxd4 6. Nxd4 Be7 7. Be2 a6 8. O-O
Qc7 9. f4 Nf6 10. f5 Qb6 11. Be3 e5 12. Nc2 Nd4 13. Nxd4 exd4 14. Bxd4 Qd8 15.
e5 dxe5 16. Bxe5 Qb6+ 17. Bd4 Bc5 18. Bxc5 Qxc5+ 19. Kh1 O-O 20. Qc2 Bd7 21.
Rad1 Bc6 22. Na4 Qe5 23. Bf3 Bxf3 24. Rxf3 b5 25. Nb6 Rad8 26. h3 Rxd1+ 27. Qxd1
Qxb2 28. c5 Ne4 29. Kg1 Nxc5 30. f6 Qe5 31. Nd5 Ne6 32. fxg7 Rd8 33. Ne7+ Kxg7
34. Qf1 Qc5+ 35. Kh1 Qxe7 36. Rg3+ Kf8 37. Qf5 Rd1+ 38. Kh2 Qa7 39. h4 Qg1+ 40.
Kh3 Qh1+ 41. Kg4 Rd4+ 42. Kf3 Qf1+ 43. Ke3 Qxf5 44. Rf3 Qe4+ 45. Kf2 Rd2+ 46.
Kg3 Qg6+ 47. Kh3 Qxg2# {White checkmated} 0-1

[Event "Team 45 45 League T56"]
[Site "Internet Chess Club"]
[Date "2013.03.09"]
[Round "3"]
[White "kingsrook"]
[Black "tyler66"]
[Result "0-1"]
[WhiteElo "1285"]
[BlackElo "1526"]
[Opening "QGD semi-Slav"]
[ECO "D43"]
[Time "19:00:17"]
[TimeControl "2700+45"]

1. d4 d5 2. c4 c6 3. Nf3 e6 4. Nc3 Nf6 5. cxd5 cxd5 6. Qb3 Be7 7. Bf4 O-O 8. h3
Nc6 9. e3 Na5 10. Qc2 b6 11. Bd3 Bb7 12. O-O Rc8 13. Rac1 Nc4 14. Qe2 Bd6 15.
Ne5 Bxe5 16. dxe5 Nd7 17. Bxc4 Rxc4 18. b3 Rc7 19. Rfd1 Qc8 20. Qd2 Ba6 21. Nxd5
exd5 22. Rxc7 Qxc7 23. e6 Ne5 24. Rc1 Qd6 25. Qd4 f6 26. e4 Qxe6 27. exd5 Qxh3
28. Rc3 Qf5 29. Rc1 Nd3 {White resigns} 0-1

[Event "Team 45 45 League T56"]
[Site "Internet Chess Club"]
[Date "2013.03.09"]
[Round "3"]
[White "fireball"]
[Black "cys456"]
[Result "0-1"]
[WhiteElo "1760"]
[BlackElo "1832"]
[Opening "Sicilian: Smith-Morra gambit"]
[ECO "B21"]
[Time "19:02:32"]
[TimeControl "2700+45"]

1. e4 c5 2. d4 cxd4 3. c3 dxc3 4. Nxc3 g6 5. Nf3 Bg7 6. e5 Nc6 7. Bc4 Nh6 8. O-O
O-O 9. Qe2 d6 10. Rd1 Bg4 11. exd6 exd6 12. Bf4 Nf5 13. Qd2 Bxf3 14. gxf3 Ncd4
15. Qd3 Qh4 16. Bg3 Nxf3+ 17. Qxf3 Qxc4 18. Bxd6 Rfe8 19. Bg3 b5 20. Rac1 Rad8
21. Rxd8 Rxd8 22. a3 a5 23. Qf4 Qb3 24. Qc7 Rf8 25. Qxa5 Nxg3 26. hxg3 Qxb2 27.
Rb1 Qxc3 28. Rxb5 Qd3 29. a4 Re8 30. Rd5 Bd4 31. Qb4 Qxg3+ 32. Kh1 Bxf2 33. Rd1
Qh3# {White checkmated} 0-1

[Event "Team 45 45 League T56"]
[Site "Internet Chess Club"]
[Date "2013.03.08"]
[Round "3"]
[White "joshq03"]
[Black "nidusin2"]
[Result "0-1"]
[WhiteElo "1493"]
[BlackElo "1684"]
[Opening "Sicilian: Alapin's variation (2.c3)"]
[ECO "B22"]
[Time "19:30:14"]
[TimeControl "2700+45"]

1. e4 c5 2. c3 d6 3. d4 cxd4 4. cxd4 Nf6 5. Nc3 e6 6. Be2 a6 7. Nf3 b5 8. a3 Bb7
9. Bd3 Be7 10. O-O Nc6 11. Be3 Ng4 12. Qd2 Nxe3 13. Qxe3 Qb6 14. Rfe1 Bf6 15. d5
Qxe3 16. Rxe3 Nd4 17. dxe6 fxe6 18. Nxd4 Bxd4 19. Rf3 Ke7 20. Rc1 Rhf8 21. Rxf8
Rxf8 22. Rc2 g6 23. Nd1 Rc8 24. Nc3 Rc5 25. Kf1 Bc6 26. f3 a5 27. Ne2 Rxc2 28.
Bxc2 Bxb2 29. Bb3 Bxa3 30. Nd4 Bd7 31. Ke2 a4 32. Ba2 Bc5 33. Nc2 b4 34. Bc4 e5
35. g4 g5 36. Ne3 Bxe3 37. Kxe3 Be6 {White resigns} 0-1

[Event "Team 45 45 League T56"]
[Site "Internet Chess Club"]
[Date "2013.03.09"]
[Round "3"]
[White "ausya"]
[Black "Insan996"]
[Result "0-1"]
[WhiteElo "1518"]
[BlackElo "1646"]
[Opening "French: advance, Euwe variation"]
[ECO "B22"]
[Time "10:01:20"]
[TimeControl "2700+45"]

1. e4 c5 2. c3 e6 3. d4 d5 4. e5 Nc6 5. Nf3 Bd7 6. Bd3 cxd4 7. cxd4 Nge7 8. Nc3
Nf5 9. Bxf5 exf5 10. Nxd5 Be6 11. Nc3 Bc4 12. b3 Ba6 13. Bb2 Nb4 14. Qd2 Nd3+
15. Kd1 Rc8 16. Ne1 Nxb2+ 17. Qxb2 Qxd4+ 18. Qd2 Qxc3 19. Qxc3 Rxc3 20. Nf3 Bc5
21. Ke1 Rc2 22. Nd2 Bb4 {White resigns} 0-1

[Event "Team 45 45 League T56"]
[Site "Internet Chess Club"]
[Date "2013.03.11"]
[Round "3"]
[White "EyeAm"]
[Black "calsal"]
[Result "1-0"]
[WhiteElo "1693"]
[BlackElo "1533"]
[Opening "King's pawn game"]
[ECO "C50"]
[Time "12:08:22"]
[TimeControl "2700+45"]

1. e4 e5 2. Nf3 Nc6 3. Bc4 f6 4. O-O Bc5 5. c3 Nge7 6. d4 Bb6 7. d5 Na5 8. Be2
d6 9. b4 O-O 10. bxa5 Bxa5 11. Qb3 f5 12. Nbd2 Bb6 13. exf5 Bxf5 14. Ng5 h6 15.
Ne6 Bxe6 16. dxe6 d5 17. c4 c6 18. Ba3 Re8 19. Bh5 g6 20. Qg3 {Black resigns}
1-0

[Event "Team 45 45 League T56"]
[Site "Internet Chess Club"]
[Date "2013.03.09"]
[Round "3"]
[White "parrot9"]
[Black "pkraus"]
[Result "1/2-1/2"]
[WhiteElo "1657"]
[BlackElo "1580"]
[Opening "Caro-Kann: classical variation"]
[ECO "B19"]
[Time "11:04:55"]
[TimeControl "2700+45"]

1. e4 c6 2. d4 d5 3. Nc3 dxe4 4. Nxe4 Bf5 5. Ng3 Bg6 6. Nf3 h6 7. h4 Nf6 8. h5
Bh7 9. Bd3 e6 10. Bxh7 Nxh7 11. Qe2 Bd6 12. Ne4 Qe7 13. Ne5 Nd7 14. Nxd6+ Qxd6
15. Bd2 Nhf6 16. O-O-O Qxd4 17. Nxd7 Nxd7 18. Bxh6 Qf6 19. Be3 Nb6 20. g4 Nd5
21. Qd2 Qe7 22. Bd4 f6 23. g5 O-O-O 24. gxf6 Nxf6 25. Qa5 b6 26. Qa6+ Qb7 27.
Qc4 Rd5 28. Bxf6 gxf6 29. Qg4 Qf7 30. Rde1 {Game drawn by mutual agreement}
1/2-1/2

[Event "Team 45 45 League T56"]
[Site "Internet Chess Club"]
[Date "2013.03.09"]
[Round "3"]
[White "stantheman59"]
[Black "matthewc"]
[Result "1-0"]
[WhiteElo "1242"]
[BlackElo "1373"]
[Opening "Sicilian: Nimzovich-Rossolimo attack (with ...g6, without ...d6)"]
[ECO "B31"]
[Time "17:00:38"]
[TimeControl "2700+45"]

1. e4 c5 2. Nf3 Nc6 3. Bb5 g6 4. Bxc6 bxc6 5. Nc3 Bg7 6. O-O Qc7 7. Ne2 d6 8. c3
Bg4 9. Ne1 Nf6 10. d3 h5 11. Bg5 d5 12. Bxf6 Bxf6 13. Qd2 Be5 14. Ng3 h4 15. Ne2
Bxh2+ 16. Kh1 h3 17. g3 Bxe2 18. Qxe2 Bxg3 19. fxg3 Qxg3 20. Rg1 Qd6 21. e5 Qd7
22. Nf3 O-O-O 23. a4 d4 24. c4 f6 25. a5 g5 26. e6 Qc7 27. Rg4 Rdg8 28. Qe4 h2
29. Rg2 Rh6 30. Qg4 Rgh8 31. b3 Qb7 32. Nd2 Qb4 33. Ne4 Rh4 34. Qe2 f5 35. Nxg5
Rg8 36. Qf3 Kc7 37. Qg3+ f4 38. Qxh4 Qc3 39. Qxf4+ Kc8 40. Rc1 Qxd3 41. Rxh2 Rg6
42. Rh3 Qe2 43. a6 Rg8 44. Rg1 d3 45. Rh2 Rxg5 46. Rh8+ Rg8 47. Rhxg8# {Black
checkmated} 1-0

[Event "Team 45 45 League T56"]
[Site "Internet Chess Club"]
[Date "2013.03.10"]
[Round "3"]
[White "ScotchYeti"]
[Black "BYOB69"]
[Result "1/2-1/2"]
[WhiteElo "1672"]
[BlackElo "1809"]
[Opening "Pirc: classical, h3 system"]
[ECO "B08"]
[Time "16:30:48"]
[TimeControl "2700+45"]

1. e4 d6 2. d4 Nf6 3. Nc3 g6 4. Nf3 Bg7 5. h3 c5 6. dxc5 Qa5 7. Bb5+ Bd7 8.
Bxd7+ Nbxd7 9. O-O Nxc5 10. Re1 O-O 11. Rb1 Qd8 12. b4 Ncd7 13. Bb2 Nb6 14. Qd3
Rc8 15. Nd5 Nfxd5 16. exd5 Bxb2 17. Rxb2 Nc4 18. Rbb1 b5 19. Nd4 Qd7 20. Re2
Rfe8 21. Rbe1 a6 22. Qe4 Rc7 23. Nc6 e6 24. Nd4 e5 25. Nc6 Rec8 26. c3 Nb6 27.
f4 f5 28. Qd3 e4 29. Qd4 Rb7 30. Re3 Qf7 31. Rd1 Nxd5 32. Nd8 Rxd8 33. Qxd5 Qxd5
34. Rxd5 Kf7 35. Kf2 Rc7 36. Ke2 Rc4 {Game drawn by mutual agreement} 1/2-1/2

[Event "Team 45 45 League T56"]
[Site "Internet Chess Club"]
[Date "2013.03.09"]
[Round "3"]
[White "elessar"]
[Black "cBishop"]
[Result "1/2-1/2"]
[WhiteElo "1621"]
[BlackElo "1662"]
[Opening "Sicilian"]
[ECO "B54"]
[Time "11:00:42"]
[TimeControl "2700+45"]

1. e4 c5 2. Nf3 d6 3. d4 cxd4 4. Nxd4 a6 5. Bd3 Nf6 6. O-O e6 7. Qe2 Nbd7 8. c4
Be7 9. Nc3 Qc7 10. Bd2 b6 11. f4 O-O 12. Rae1 Nc5 13. Bc2 Bb7 14. f5 e5 15. Nb3
Ncd7 16. g4 Rac8 17. g5 Ne8 18. Bd3 Bd8 19. Rf3 f6 20. g6 h6 21. Rh3 Nc5 22.
Bxh6 gxh6 23. Rxh6 Nxd3 24. Qh5 Qg7 25. Rh7 Rc7 26. Rxg7+ Rxg7 27. Re3 Nf4 28.
Qh4 b5 29. Ne2 Bb6 30. c5 Nxe2+ 31. Rxe2 dxc5 32. Kf1 c4 33. Nd2 Bd4 34. Nf3 Ba7
35. Rg2 Nd6 36. Nd2 Nxf5 37. exf5 Bxg2+ 38. Kxg2 Be3 39. Ne4 Bg5 40. Nxg5 fxg5
41. Qxg5 Rd7 42. h4 Rd6 43. Kf2 Rdf6 44. Ke3 Rxf5 45. Qh6 Rf3+ 46. Ke2 {Game
drawn by mutual agreement} 1/2-1/2

[Event "Team 45 45 League T56"]
[Site "Internet Chess Club"]
[Date "2013.03.09"]
[Round "3"]
[White "cepheid"]
[Black "Hal2001"]
[Result "1/2-1/2"]
[WhiteElo "1626"]
[BlackElo "1618"]
[Opening "Robatsch (modern) defense"]
[ECO "B06"]
[Time "10:32:18"]
[TimeControl "2700+45"]

1. e4 g6 2. d4 Bg7 3. Be3 d5 4. e5 Nh6 5. h3 Nf5 6. Bf4 c5 7. c3 cxd4 8. cxd4
Nc6 9. Bb5 Qb6 10. Nc3 Be6 11. Nf3 O-O 12. Bxc6 bxc6 13. Qd2 Bh8 14. O-O Rab8
15. Rab1 Rfc8 16. g4 Ng7 17. Na4 Qb4 18. Qxb4 Rxb4 19. Nc5 Ne8 20. Bg5 Kf8 21.
Bh6+ Bg7 22. Bxg7+ Nxg7 23. Rfd1 h5 24. a3 Rb5 25. Nxe6+ Nxe6 26. b4 hxg4 27.
hxg4 Rcb8 28. Ne1 a5 29. Nc2 axb4 30. Nxb4 Nf4 31. Kf1 c5 32. dxc5 Rxc5 33. Rd4
g5 34. Ke1 Rc4 35. Rxc4 dxc4 36. Kd2 Nd5 37. Rc1 c3+ 38. Kd3 Nxb4+ 39. axb4 Rxb4
40. f3 Rf4 41. Ke3 {Game drawn by mutual agreement} 1/2-1/2

[Event "Team 45 45 League T56"]
[Site "Internet Chess Club"]
[Date "2013.03.09"]
[Round "3"]
[White "CorvusCorax"]
[Black "Gilguli"]
[Result "1-0"]
[WhiteElo "1602"]
[BlackElo "1339"]
[Opening "Latvian: Fraser defense"]
[ECO "C40"]
[Time "12:05:06"]
[TimeControl "2700+45"]

1. e4 e5 2. Nf3 f5 3. Nxe5 Nc6 4. Nxc6 dxc6 5. d4 Nf6 6. Bg5 fxe4 7. Bc4 Bf5 8.
O-O Bd6 9. Nc3 Qd7 10. Re1 O-O-O 11. Bxf6 gxf6 12. Nxe4 Qg7 13. Nxd6+ cxd6 14.
Be6+ Bxe6 15. Rxe6 Rhg8 16. Qf3 f5 17. Rae1 Qxd4 18. c3 Qg4 19. Qxg4 fxg4 20.
Re7 Rd7 21. g3 h5 22. Re8+ Rxe8 23. Rxe8+ Kc7 24. Rh8 Re7 25. Rxh5 Re1+ 26. Kg2
Re2 27. Ra5 Kb6 28. Ra4 Rxb2 29. Rb4+ Rxb4 30. cxb4 d5 31. f3 d4 32. fxg4 Kb5
33. g5 d3 34. Kf2 Kxb4 35. g6 d2 36. Ke2 Kc3 37. Kd1 {Black resigns} 1-0

[Event "Team 45 45 League T56"]
[Site "Internet Chess Club"]
[Date "2013.03.08"]
[Round "3"]
[White "Shijith"]
[Black "eurander"]
[Result "0-1"]
[WhiteElo "2058"]
[BlackElo "2125"]
[Opening "QGD semi-Slav: Meran, Wade variation"]
[ECO "D47"]
[Time "20:00:42"]
[TimeControl "2700+45"]

1. d4 d5 2. c4 c6 3. Nf3 Nf6 4. Nc3 e6 5. e3 Nbd7 6. Bd3 dxc4 7. Bxc4 b5 8. Bd3
Bb7 9. O-O a6 10. e4 c5 11. d5 c4 12. Bc2 Qc7 13. dxe6 fxe6 14. Ng5 Nc5 15. Qe2
h6 16. Nh3 O-O-O 17. e5 Nfd7 18. f4 g5 19. fxg5 Nxe5 20. Bf4 Bd6 21. g6 Kb8 22.
Ne4 Bxe4 23. Bxe4 Rhg8 24. a4 Nxg6 25. Bxg6 Rxg6 26. axb5 e5 27. bxa6 exf4 28.
a7+ Ka8 29. Nxf4 Bxf4 30. Qf3+ Qb7 31. Qxb7+ Nxb7 32. Rxf4 Nd6 33. Rf3 Ne4 34.
Rf4 Nd2 35. Rf7 Rgd6 36. h3 Rb6 37. Rh7 Rxb2 38. Rxh6 Rc8 {White resigns} 0-1

[Event "Team 45 45 League T56"]
[Site "Internet Chess Club"]
[Date "2013.03.10"]
[Round "3"]
[White "charles-allen"]
[Black "seikster"]
[Result "0-1"]
[WhiteElo "1866"]
[BlackElo "1967"]
[Opening "French: Tarrasch, Guimard main line"]
[ECO "C04"]
[Time "15:01:15"]
[TimeControl "2700+45"]

1. e4 e6 2. d4 d5 3. Nd2 Nc6 4. Ngf3 Nf6 5. e5 Nd7 6. c3 f6 7. exf6 Qxf6 8. Bd3
Bd6 9. Nf1 O-O 10. Ne3 Qe7 11. O-O Nf6 12. Re1 g6 13. b4 a6 14. b5 axb5 15. Bxb5
Ne4 16. Qc2 Bd7 17. Ng4 Rxf3 18. gxf3 Ng5 19. Qe2 Rf8 20. Bxg5 Qxg5 21. Kf1 h5
22. Bxc6 Bxc6 23. Qxe6+ Kg7 24. Ne5 Rf6 25. Qh3 Bb5+ 26. c4 Bxc4+ 27. Nxc4 dxc4
28. Re8 c3 29. Qc8 Qb5+ 30. Kg2 Qd5 31. Re4 c2 32. Rae1 c1=Q 33. Rxc1 Qg5+ 34.
Kh3 Rxf3# {White checkmated} 0-1

[Event "Team 45 45 League T56"]
[Site "Internet Chess Club"]
[Date "2013.03.10"]
[Round "3"]
[White "Nb4"]
[Black "j65536d"]
[Result "1/2-1/2"]
[WhiteElo "1908"]
[BlackElo "1842"]
[Opening "English opening"]
[ECO "A20"]
[Time "12:03:52"]
[TimeControl "2700+45"]

1. c4 e5 2. g3 f5 3. Bg2 Nf6 4. Nc3 Nc6 5. e3 Bc5 6. Nge2 e4 7. O-O O-O 8. a3 a5
9. b3 d5 10. cxd5 Nxd5 11. Nxd5 Qxd5 12. d4 Be7 13. Bb2 Bf6 14. Qc2 Be6 15. Nc1
Qd7 16. Na2 Ne7 17. Nc3 Nd5 18. Rfc1 c6 19. Nxd5 Bxd5 20. b4 Be7 21. Bc3 a4 22.
Bd2 g5 23. Bf1 h5 24. Bc4 Kg7 25. Bxd5 Qxd5 26. Qc4 Rfd8 {Game drawn by mutual
agreement} 1/2-1/2

[Event "Team 45 45 League T56"]
[Site "Internet Chess Club"]
[Date "2013.03.09"]
[Round "3"]
[White "PJ"]
[Black "bat30"]
[Result "0-1"]
[WhiteElo "1667"]
[BlackElo "1872"]
[Opening "Ruy Lopez: closed, Chigorin defense"]
[ECO "C97"]
[Time "01:00:54"]
[TimeControl "2700+45"]

1. e4 e5 2. Nf3 Nc6 3. Bb5 a6 4. Ba4 Nf6 5. O-O Be7 6. Re1 b5 7. Bb3 d6 8. c3
Na5 9. Bc2 c5 10. d4 Qc7 11. h3 O-O 12. Nbd2 h6 13. Nf1 Bd7 14. d5 c4 15. N3h2
Nb7 16. Ne3 Nc5 17. Neg4 Nxg4 18. Nxg4 f5 19. exf5 Bxf5 20. Bxf5 Rxf5 21. Bxh6
Nd3 22. Re2 Raf8 23. Qd2 gxh6 24. Nxh6+ Kg7 25. Nxf5+ Rxf5 26. Rf1 Bg5 27. Qd1
Qc5 28. Rc2 Qxd5 29. Qg4 Kf6 30. Qh5 Qxg2+ 31. Kxg2 Nf4+ 32. Kh1 Nxh5 33. a4
Ng3+ {White resigns} 0-1

[Event "Team 45 45 League T56"]
[Site "Internet Chess Club"]
[Date "2013.03.08"]
[Round "3"]
[White "chiiwen"]
[Black "grattage"]
[Result "1-0"]
[WhiteElo "2136"]
[BlackElo "1679"]
[Opening "Catalan: closed"]
[ECO "E01"]
[Time "13:10:01"]
[TimeControl "2700+45"]

1. d4 Nf6 2. c4 e6 3. g3 d5 4. Bg2 b6 5. Nf3 Bb7 6. Ne5 Nbd7 7. Qa4 c6 8. Nc3
Nxe5 9. dxe5 Nd7 10. cxd5 cxd5 11. e4 Qc7 12. exd5 Qxe5+ 13. Be3 exd5 14. O-O
O-O-O 15. Bf4 Qe6 16. Nb5 Ne5 17. Rac1+ Bc5 18. b4 a6 19. Nd4 Qd7 20. Qxd7+ Nxd7
21. bxc5 bxc5 22. Nf5 {Black resigns} 1-0